Map: Sanctuary III LE

Players

MrCesander - Winner!

  • Race: Protoss Protoss
  • League: Grandmaster
  • Spawn Location: 7:00

RipNHammer

  • Race: Terran Terran
  • League: Master
  • Spawn Location: 1:00

VOD

Have the link to the VOD?

Description

Time

  • Played on: Sept. 6, 2026, 2:11 p.m.
  • Length: 14:25
Show
View Real Time Build Order
Export as new Build Order

MrCesander Protoss - Winner!

Build Orders:  

Get SALT Encoding   

  8  0:00  Probe (Chrono Boost)  
  9  0:12  Probe (Chrono Boost)  
  10  0:19  Probe (Chrono Boost)  
  11  0:26  Probe  
  12  0:33  Pylon  
  12  0:38  Probe  
  13  0:51  Probe  
  14  0:57  Gateway  
  14  1:03  Probe (Chrono Boost)  
  15  1:07  Assimilator  
  15  1:15  Probe (Chrono Boost)  
  16  1:21  Probe (Chrono Boost)  
  17  1:47  Nexus  
  17  1:58  Cybernetics Core  
  17  2:03  Probe  
  18  2:10  Pylon  
  19  2:15  Probe  
  19  2:20  Assimilator  
  19  2:27  Probe  
  20  2:32  Stalker (Chrono Boost)  
  21  2:38  Warp Gate  
  21  2:42  Probe  
  22  2:55  Sentry, Probe (Chrono Boost)  
  25  3:01  Probe (Chrono Boost)  
  26  3:11  Probe x2 (Chrono Boost)  
  28  3:15  Shield Battery  
  28  3:16  Probe (Chrono Boost)  
  28  3:18  Probe  
  30  3:27  Probe, Twilight Council  
  31  3:36  Probe (Chrono Boost)  
  31  3:39  Probe (Chrono Boost)  
  33  3:45  Pylon  
  34  3:51  Probe (Chrono Boost)  
  34  3:52  Probe (Chrono Boost), Stalker  
  37  3:55  Probe (Chrono Boost)  
  37  4:01  Probe  
  39  4:06  Probe, Pylon  
  39  4:07  Blink (Chrono Boost)  
  40  4:13  Probe  
  41  4:18  Probe  
  42  4:25  Probe  
  42  4:26  Assimilator  
  42  4:28  Sentry  
  42  4:30  Assimilator, Probe  
  46  4:33  Gateway  
  46  4:38  Shield Battery  
  46  4:40  Sentry  
  46  4:41  Probe  
  49  4:46  Probe  
  49  4:50  Robotics Facility  
  50  4:54  Probe  
  50  4:55  Pylon  
  50  4:58  Stalker  
  53  5:00  Probe  
  53  5:05  Pylon  
  53  5:07  Probe  
  55  5:12  Probe  
  56  5:18  Forge  
  56  5:20  Gateway  
  56  5:24  Stalker  
  56  5:26  Probe x2  
  60  5:31  Pylon  
  60  5:38  Probe  
  60  5:40  Probe  
  62  5:44  Observer  
  62  5:47  Protoss Ground Weapons Level 1 (Chrono Boost)  
  62  5:48  Robotics Bay  
  63  5:50  Pylon  
  63  5:55  Stalker x2  
  67  6:09  Stalker  
  69  6:12  Charge  
  69  6:16  Pylon  
  69  6:19  Probe  
  69  6:20  Stalker  
  69  6:21  Stalker  
  74  6:29  Probe  
  74  6:30  Pylon  
  74  6:32  Pylon  
  75  6:39  Nexus  
  75  6:55  Probe x2  
  75  6:58  Colossus (Chrono Boost)  
  75  6:59  Extended Thermal Lance (Chrono Boost)  
  77  7:07  Probe  
  77  7:08  Probe  
  85  7:09  Pylon  
  85  7:11  Gateway  
  85  7:12  Gateway  
  85  7:19  Assimilator  
  85  7:23  Assimilator  
  85  7:25  Probe x2  
  87  7:35  Pylon  
  86  7:37  Probe  
  86  7:43  Colossus (Chrono Boost), Probe, Protoss Ground Weapons Level 2 (Chrono Boost)  
  88  7:49  Probe  
  93  7:55  Probe  
  94  8:02  Pylon  
  94  8:05  Pylon  
  94  8:10  Photon Cannon  
  94  8:15  Stalker x2  
  94  8:16  Probe  
  98  8:20  Probe  
  98  8:26  Probe  
  99  8:33  Colossus (Chrono Boost)  
  99  8:35  Nexus  
  99  8:38  Probe x3  
  108  8:47  Shield Battery  
  108  8:49  Photon Cannon  
  108  8:50  Probe  
  108  8:52  Pylon  
  109  9:01  Stalker x2, Sentry  
  109  9:02  Sentry x2  
  119  9:03  Probe  
  119  9:07  Gravitic Boosters  
  120  9:14  Probe x2  
  120  9:15  Probe  
  120  9:16  Pylon  
  123  9:17  Disruptor (Chrono Boost)  
  123  9:23  Robotics Facility, Stalker  
  123  9:24  Stalker, Pylon  
  131  9:32  Pylon  
  131  9:38  Stalker  
  131  9:39  Stalker x2  
  131  9:40  Pylon  
  137  9:51  Photon Cannon  
  137  9:52  Probe x2  
  139  9:53  Probe, Photon Cannon  
  139  9:55  Shield Battery  
  139  9:56  Disruptor  
  144  10:06  Stalker x5  
  133  10:33  Protoss Ground Armor Level 1 (Chrono Boost), Stalker x2  
  133  10:34  Stalker x3  
  143  10:35  Probe x2  
  143  10:36  Probe  
  146  10:46  Forge  
  146  10:48  Gateway  
  146  10:50  Disruptor  
  146  10:51  Gateway  
  146  10:53  Disruptor  
  146  10:55  Gateway  
  154  10:58  Gateway  
  154  11:04  Gateway  
  154  11:06  Gateway  
  154  11:09  Pylon  
  153  11:24  Protoss Shields Level 1 (Chrono Boost)  
  153  11:27  Zealot x5  
  153  11:29  Immortal (Chrono Boost)  
  153  11:30  Immortal (Chrono Boost)  
  171  11:38  Templar Archives  
  171  11:41  Stargate  
  171  11:44  Assimilator, Probe x3  
  171  11:46  Assimilator, Probe  
  175  11:54  Shield Battery  
  175  11:56  Probe  
  175  11:57  Shield Battery  
  175  11:58  Probe, Shield Battery  
  177  12:03  Warp Prism, Dark Shrine, Observer  
  177  12:07  Nexus  
  180  12:10  Assimilator  
  180  12:12  Assimilator  
  180  12:15  Pylon  
  180  12:17  Pylon  
  180  12:20  Pylon  
  171  12:25  Stalker  
  171  12:26  Stalker x3  
  171  12:27  Stalker  
  168  12:31  Stalker  
  168  12:32  Stalker x5  
  168  12:47  Probe x2  
  168  12:50  Photon Cannon  
  170  12:52  Photon Cannon  
  170  12:55  Zealot x7  
  170  12:56  Zealot  
  167  13:22  Stalker x4  
  167  13:23  Stalker x4  
  155  14:04  Nexus, Zealot x2  
  155  14:05  Zealot x5  
  155  14:06  Zealot  
Show
View Real Time Build Order
Export as new Build Order

RipNHammer Terran 

Build Orders: Reaper Expand 

Get SALT Encoding   

  8  0:00  SCV  
  9  0:12  SCV  
  10  0:24  SCV  
  11  0:37  SCV  
  11  0:39  Supply Depot  
  12  0:49  SCV  
  13  1:01  SCV, Barracks  
  14  1:08  Refinery  
  14  1:13  SCV  
  15  1:25  SCV  
  16  1:37  SCV  
  17  1:51  Orbital Command  
  17  1:53  Reaper  
  18  2:10  Command Center  
  18  2:17  SCV  
  19  2:27  Barracks  
  19  2:33  SCV  
  20  2:39  Barracks Reactor  
  20  2:40  Supply Depot  
  20  2:45  SCV  
  21  2:57  Barracks  
  21  3:01  Bunker  
  21  3:02  SCV  
  22  3:14  SCV, Barracks Tech Lab  
  22  3:16  Marine x2  
  25  3:22  Orbital Command  
  25  3:27  SCV  
  26  3:34  Marine  
  27  3:39  SCV  
  27  3:41  Stimpack  
  28  3:47  Barracks Tech Lab  
  28  3:49  SCV  
  28  3:51  Marine, SCV  
  28  3:52  Marine  
  32  3:58  Marine  
  32  4:01  SCV  
  34  4:03  SCV  
  34  4:07  Marine, Combat Shield  
  36  4:13  Supply Depot, SCV  
  36  4:15  Supply Depot  
  36  4:16  Marine  
  38  4:22  Marine x2  
  40  4:27  Marine  
  40  4:28  SCV  
  42  4:33  Engineering Bay  
  42  4:34  Marine  
  42  4:35  SCV  
  42  4:38  Supply Depot  
  44  4:40  Marine  
  44  4:41  SCV  
  44  4:44  Marine  
  47  4:49  SCV, Supply Depot  
  47  4:52  Marine  
  49  4:54  Marauder, SCV  
  49  4:59  Marine  
  53  5:01  SCV  
  53  5:02  Marauder  
  53  5:04  Terran Infantry Weapons Level 1  
  53  5:07  SCV  
  57  5:11  Missile Turret  
  57  5:14  Marine, SCV  
  58  5:15  Marauder  
  61  5:21  Marine  
  61  5:26  SCV  
  63  5:29  Refinery  
  63  5:30  Missile Turret  
  63  5:31  Concussive Shells  
  63  5:32  Marauder  
  63  5:33  SCV  
  66  5:35  Refinery  
  66  5:38  SCV  
  67  5:44  Marine, Marauder  
  67  5:45  SCV  
  71  5:50  Marine  
  71  5:51  SCV  
  71  5:57  Refinery, SCV  
  73  5:59  Supply Depot  
  74  6:06  Factory  
  74  6:20  Marine x2  
  74  6:21  SCV x2, Marauder x2  
  74  6:25  Supply Depot  
  82  6:31  Command Center, Barracks  
  82  6:35  SCV  
  82  6:36  SCV  
  84  6:42  Marauder x2  
  88  6:47  Engineering Bay  
  88  6:53  Factory Reactor, Starport  
  86  6:57  Armory  
  86  7:02  Marine x2  
  86  7:06  Marine, Marauder  
  91  7:11  Barracks  
  91  7:17  Terran Infantry Armor Level 1  
  91  7:21  Barracks Reactor  
  91  7:25  Marine x2, Marauder  
  91  7:29  Marauder  
  92  7:53  Marine, Marauder  
  92  7:56  Marine, Marauder, Medivac  
  92  7:57  Medivac, Factory Tech Lab  
  100  7:59  Orbital Command  
  100  8:04  Barracks Reactor  
  100  8:06  SCV  
  100  8:11  Marine x2  
  103  8:14  Starport  
  103  8:22  Marine  
  103  8:23  Marauder  
  103  8:24  Siege Tank, SCV  
  109  8:28  Terran Infantry Weapons Level 2  
  109  8:29  SCV  
  110  8:36  Supply Depot  
  110  8:37  Supply Depot  
  110  8:39  Viking x2  
  114  8:47  Marine x2, Marauder  
  119  8:52  Supply Depot  
  118  8:57  Barracks  
  118  8:58  Marauder  
  118  9:00  Siege Tank  
  123  9:03  Marine  
  123  9:08  Marine  
  123  9:09  Marauder  
  127  9:12  Medivac  
  127  9:13  Viking  
  127  9:14  SCV  
  127  9:15  Terran Infantry Armor Level 2  
  132  9:18  Supply Depot  
  132  9:19  Marauder  
  132  9:21  Supply Depot  
  132  9:24  Viking  
  136  9:25  Medivac  
  136  9:27  SCV  
  139  9:32  Marine x2, Marauder  
  143  9:39  Marine  
  143  9:40  Marine  
  143  9:41  Barracks Reactor  
  143  9:42  Barracks  
  143  9:43  Orbital Command  
  145  9:47  Marine  
  145  9:48  Marauder  
  145  9:50  Marine  
  145  9:51  Medivac  
  151  9:52  Viking  
  153  10:03  Marine, Marauder  
  156  10:08  Marine x2  
  158  10:20  Marauder  
  143  10:30  Marine  
  143  10:31  Marine x2, Marauder  
  143  10:32  SCV x2  
  143  10:35  SCV  
  137  10:41  Marauder  
  137  10:42  Viking, Medivac  
  143  10:44  SCV x2  
  143  10:45  Terran Ship Weapons Level 1  
  143  10:47  SCV  
  146  10:52  Marauder  
  146  10:56  Missile Turret  
  148  10:57  Command Center  
  148  10:59  Supply Depot  
  148  11:00  Marine x2, Missile Turret  
  148  11:02  Marauder  
  152  11:08  Command Center  
  152  11:13  Marine x3  
  152  11:14  Marauder  
  152  11:17  Sensor Tower  
  153  11:19  Marine  
  153  11:24  Marauder  
  155  11:27  Marine x2  
  155  11:29  Viking  
  155  11:31  Supply Depot  
  159  11:35  Marauder  
  161  11:45  Command Center  
  161  11:46  SCV  
  162  11:47  Refinery, SCV  
  162  11:48  Refinery  
  162  11:49  Supply Depot  
  162  11:50  Marine x2, Supply Depot  
  162  11:51  Marauder  
  167  11:59  Supply Depot  
  167  12:02  Barracks Tech Lab  
  167  12:03  Barracks Reactor, Ghost Academy  
  167  12:04  Marine  
  167  12:05  Marauder  
  167  12:07  Missile Turret  
  167  12:08  Missile Turret  
  170  12:10  Marine  
  170  12:12  Viking, Marauder, Liberator  
  163  12:29  Missile Turret x2  
  139  12:32  Marine x3, Marauder x2  
  139  12:36  Marine x3, Marauder  
  134  12:46  Marine x2  
  134  12:49  Liberator x2  
  132  12:52  SCV  
  132  12:53  SCV x2  
  132  12:54  Marauder, Supply Depot, Missile Turret  
  137  12:59  Marine  
  137  13:01  Liberator  
  137  13:05  SCV  
  141  13:07  Marine, Marauder  
  91  13:27  Marine  
  91  13:28  Marauder  
  59  13:45  Marine x4, Marauder  
  59  13:46  Marauder  
  62  13:51  Marine x2  
  62  13:52  Marauder  
  62  13:53  SCV  
Tags
 
Add a new tag
Caveats
  • Supply blocks, unpowered buildings, or Contaminate may cause inaccurate times.
  • Supply counts are checked every 10 seconds.